Map: Templo óseo EE

Players

MrFercho - Winner!

  • Race: Zerg Zerg
  • League: Gold
  • Spawn Location: 7:00

tigro - Winner!

  • Race: Terran Terran
  • League: Bronze
  • Spawn Location: 7:00

TATORREA - Winner!

  • Race: Protoss Protoss
  • League: Gold
  • Spawn Location: 6:00

JuanStaMaria

  • Race: Terran Terran
  • League: Silver
  • Spawn Location: 3:00

KaliGhost

  • Race: Zerg Zerg
  • League: Bronze
  • Spawn Location: 1:00

CHIFRIJO

  • Race: Terran Terran
  • Spawn Location: 12:00

VOD

Have the link to the VOD?

Description

Time

  • Played on: July 20, 2020, 7:47 p.m.
  • Length: 14:55
Show
View Real Time Build Order
Export as new Build Order

MrFercho Zerg - Winner!

Build Orders: Hatch First, Lurkers, Zergling Baneling 

Get SALT Encoding   

  12  0:01  Drone  
  13  0:13  Overlord  
  13  0:18  Drone  
  14  0:32  Drone x2  
  16  0:52  Hatchery  
  16  0:54  Drone  
  16  0:57  Drone  
  16  1:01  Drone  
  18  1:08  Extractor  
  17  1:17  Spawning Pool  
  16  1:22  Drone  
  16  1:23  Drone  
  18  1:29  Drone  
  19  1:40  Overlord  
  19  1:52  Drone  
  20  2:07  Queen x2  
  24  2:08  Drone x2  
  24  2:12  Drone  
  24  2:15  Drone  
  29  2:22  Drone  
  29  2:25  Drone  
  30  2:33  Drone  
  31  2:38  Drone  
  32  2:49  Queen  
  34  2:52  Metabolic Boost  
  34  2:54  Lair  
  34  3:16  Drone x2  
  34  3:17  Overlord  
  34  3:18  Overlord x2  
  36  3:33  Hatchery  
  35  3:35  Drone  
  35  3:36  Drone x6  
  42  3:41  Extractor  
  42  3:42  Extractor  
  40  3:52  Drone x2  
  42  3:55  Baneling Nest  
  42  3:57  Evolution Chamber  
  42  4:00  Overseer  
  42  4:02  Zergling x8  
  44  4:22  Zergling x14  
  51  4:32  Zerg Melee Weapons Level 1  
  51  4:41  Baneling x5  
  51  4:42  Baneling  
  51  4:43  Baneling x2  
  51  4:55  Centrifical Hooks  
  48  5:32  Drone  
  48  5:33  Drone x10  
  59  5:44  Drone x2  
  61  5:51  Drone  
  61  5:52  Hatchery  
  61  5:53  Hatchery, Extractor  
  59  5:59  Drone  
  59  6:03  Drone  
  61  6:11  Drone  
  61  6:12  Drone x3  
  65  6:19  Hydralisk Den  
  65  6:24  Evolution Chamber  
  63  6:36  Infestation Pit  
  62  6:40  Drone x3  
  62  6:43  Overlord x5  
  65  6:54  Extractor  
  65  6:55  Extractor  
  65  7:01  Overseer  
  63  7:07  Muscular Augments  
  63  7:11  Zerg Missile Weapons Level 1  
  63  7:14  Zerg Melee Weapons Level 2  
  63  7:18  Hive  
  63  7:21  Drone x8  
  63  7:22  Drone x16  
  87  7:41  Hatchery  
  86  7:51  Hatchery  
  85  8:03  Hydralisk x10  
  85  8:05  Overlord  
  105  8:19  Grooved Spines  
  105  8:32  Hydralisk x3  
  105  8:33  Hydralisk x7  
  125  8:35  Overlord x2  
  125  9:00  Lurker Den  
  100  9:16  Zergling x8  
  100  9:17  Zergling x32  
  110  9:45  Hatchery  
  109  10:03  Drone x3  
  109  10:04  Drone x17  
  109  10:05  Drone x5  
  134  10:21  Overlord x3  
  134  10:22  Overlord x5  
  134  10:27  Seismic Spines  
  134  10:31  Spire  
  133  10:45  Extractor  
  133  10:46  Extractor  
  131  10:54  Extractor  
  130  10:58  Extractor  
  130  10:59  Lurker x11  
  130  11:00  Lurker x3  
  130  11:01  Hydralisk x11  
  165  11:25  Adaptive Talons  
  165  11:51  Baneling x4  
  165  11:52  Baneling x12  
  165  11:53  Zergling x12  
  165  11:54  Zergling x44  
  181  11:58  Adrenal Glands  
  181  12:01  Zerg Missile Weapons Level 2, Zerg Ground Armor Level 1  
  193  12:12  Greater Spire  
  143  12:49  Hydralisk x18  
  143  12:50  Hydralisk x7  
  173  13:22  Hydralisk x13  
  173  13:24  Zergling x2  
  194  14:05  Zergling x12  
Show
View Real Time Build Order
Export as new Build Order

tigro Terran - Winner!

Build Orders:  

Get SALT Encoding   

  12  0:03  SCV  
  13  0:15  SCV  
  14  0:27  SCV  
  15  0:33  Supply Depot  
  15  0:36  Refinery  
  15  0:55  SCV  
  15  0:56  Supply Depot  
  16  1:01  Barracks  
  16  1:07  SCV  
  17  1:19  SCV  
  17  1:21  Refinery  
  18  1:31  SCV  
  19  1:43  SCV  
  20  1:49  Engineering Bay  
  20  1:51  Marine  
  21  2:03  SCV  
  22  2:08  Marine  
  23  2:15  SCV  
  23  2:19  Factory  
  24  2:26  Marine  
  24  2:27  SCV, Terran Infantry Weapons Level 1  
  26  2:44  Marine  
  26  2:45  Orbital Command  
  27  3:02  Marine  
  27  3:04  Factory Tech Lab  
  28  3:20  Command Center  
  28  3:35  Barracks Tech Lab  
  28  3:50  Starport  
  28  3:56  Combat Shield  
  28  4:16  Siege Tank  
  31  4:21  Terran Infantry Armor Level 1  
  31  4:28  Starport  
  31  4:29  Marine  
  32  4:33  Refinery  
  32  4:46  Marine  
  33  5:04  Marine  
  34  5:22  Marine  
  35  5:35  Medivac  
  37  5:36  Starport Tech Lab  
  37  5:40  Marine  
  38  5:45  Barracks  
  38  5:46  SCV  
  39  5:58  SCV  
  40  6:08  Armory  
  40  6:10  SCV  
  41  6:15  Hi-Sec Auto Tracking  
  41  6:22  SCV, Starport Tech Lab  
  42  6:30  Stimpack  
  42  6:34  SCV  
  42  6:39  Refinery  
  43  6:46  SCV  
  44  6:55  Fusion Core  
  44  6:57  Barracks Reactor  
  44  6:59  SCV  
  45  7:11  SCV  
  45  7:12  Terran Vehicle Weapons Level 1, Neosteel Armor  
  46  7:53  Command Center, Weapon Refit  
  46  8:26  Marine x3  
  49  8:31  Thor  
  55  8:34  Missile Turret  
  55  8:43  Marine  
  55  8:44  Marine x2  
  58  8:52  Terran Infantry Weapons Level 2  
  58  8:56  Missile Turret  
  58  8:58  SCV  
  58  9:01  Marine  
  58  9:02  Marine x2  
  62  9:05  Battlecruiser  
  62  9:06  Terran Vehicle And Ship Armor Level 1, Refinery  
  68  9:11  SCV  
  69  9:19  Marine x3  
  69  9:21  Missile Turret  
  69  9:23  SCV  
  72  9:37  Marine  
  73  9:41  Missile Turret  
  73  9:44  Planetary Fortress  
  73  9:49  SCV  
  74  10:01  SCV  
  74  10:02  Missile Turret  
  74  10:04  Supply Depot  
  75  10:12  Missile Turret  
  75  10:13  SCV  
  76  10:24  Missile Turret  
  76  10:25  SCV  
  76  10:26  Supply Depot  
  77  10:29  SCV  
  77  10:34  Missile Turret  
  78  10:38  SCV  
  78  10:41  SCV  
  80  10:50  Supply Depot  
  80  10:54  SCV  
  81  11:01  Terran Ship Weapons Level 1  
  81  11:04  Missile Turret  
  81  11:06  SCV  
  81  11:07  Terran Infantry Armor Level 2  
  81  11:08  Battlecruiser  
  81  11:09  Refinery  
  81  11:10  Medivac  
  90  11:12  Marine x3  
  90  11:14  Supply Depot  
  90  11:18  SCV  
  94  11:30  Marine x3  
  97  11:35  Thor  
  97  11:37  Supply Depot  
  103  11:48  Marine  
  86  12:46  Marine x3  
  86  12:48  Battlecruiser  
  86  12:49  Battlecruiser  
  93  13:04  Marine x3  
  94  13:22  Marine x3  
  97  13:39  Marine  
  97  13:40  Marine x2  
  112  13:57  Marine  
  112  13:58  Marine x2  
  113  14:15  Marine x3  
  120  14:33  Marine x3  
Show
View Real Time Build Order
Export as new Build Order

TATORREA Protoss - Winner!

Build Orders: 1 Gate Expand, Chargelot Immortal 

Get SALT Encoding   

  12  0:01  Probe  
  13  0:13  Probe  
  14  0:22  Pylon  
  14  0:31  Probe  
  15  0:43  Probe  
  16  0:52  Gateway  
  16  0:55  Probe  
  16  1:03  Probe, Assimilator  
  17  1:06  Pylon  
  17  1:12  Probe  
  18  1:25  Probe  
  19  1:37  Probe  
  20  1:41  Nexus  
  20  1:48  Pylon  
  20  1:50  Probe  
  21  1:57  Assimilator  
  21  2:02  Probe  
  22  2:14  Probe  
  23  2:20  Cybernetics Core  
  23  2:29  Pylon  
  23  2:34  Gateway  
  23  2:35  Zealot  
  25  2:39  Probe  
  26  2:52  Probe  
  26  2:54  Probe  
  26  2:57  Warp Gate  
  28  3:01  Stalker  
  28  3:04  Probe  
  31  3:16  Probe  
  31  3:17  Probe  
  33  3:20  Shield Battery  
  33  3:21  Shield Battery  
  33  3:23  Sentry  
  35  3:28  Probe  
  36  3:38  Gateway  
  36  3:42  Probe, Gateway  
  36  3:43  Probe  
  38  3:54  Probe  
  39  3:55  Probe  
  39  3:58  Twilight Council  
  40  4:06  Probe  
  40  4:07  Probe  
  42  4:10  Robotics Facility  
  42  4:18  Probe  
  42  4:20  Probe  
  42  4:21  Assimilator  
  44  4:24  Assimilator  
  44  4:28  Pylon  
  44  4:31  Charge  
  44  4:48  Zealot x2  
  44  4:52  Stalker  
  50  4:53  Stalker  
  50  4:54  Immortal  
  56  5:22  Zealot x3  
  56  5:23  Zealot  
  65  5:28  Probe x2  
  65  5:30  Immortal  
  70  5:45  Pylon  
  70  5:49  Pylon  
  70  5:56  Forge  
  70  5:57  Forge  
  70  5:58  Forge  
  70  6:03  Probe x2  
  72  6:10  Immortal  
  76  6:12  Protoss Ground Weapons Level 1  
  76  6:14  Protoss Ground Armor Level 1  
  76  6:15  Probe x2  
  76  6:16  Zealot x4  
  86  6:25  Protoss Shields Level 1  
  86  6:31  Pylon, Blink  
  86  6:36  Pylon  
  86  6:49  Probe  
  86  6:50  Observer  
  86  6:52  Stalker x2  
  86  6:53  Stalker  
  94  6:57  Stalker  
  96  7:19  Templar Archives  
  96  7:42  Probe x2  
  96  7:43  Pylon, Nexus  
  98  7:48  Pylon  
  98  7:50  Zealot x2  
  102  7:55  Psionic Storm  
  102  8:05  Immortal  
  106  8:15  Pylon  
  106  8:18  Pylon  
  106  8:22  Pylon  
  106  8:26  Pylon  
  106  8:51  Photon Cannon  
  106  8:53  Photon Cannon  
  106  8:54  Probe  
  106  8:55  Probe, Photon Cannon  
  108  8:57  Probe  
  108  9:00  Photon Cannon  
  109  9:04  Shield Battery  
  109  9:09  Shield Battery  
  109  9:11  Shield Battery  
  109  9:15  Stargate  
  109  9:17  Stargate  
  109  9:18  Stargate  
  95  9:31  Stalker  
  95  9:32  Stalker  
  95  9:33  Zealot x2  
  103  9:58  Gateway  
  103  9:59  Gateway  
  103  10:04  Probe x3  
  106  10:13  Protoss Ground Weapons Level 2  
  106  10:14  Protoss Ground Armor Level 2  
  106  10:16  Probe x3, Phoenix, Gateway  
  106  10:18  Gateway  
  106  10:19  Phoenix  
  106  10:20  Protoss Shields Level 2  
  113  10:21  Gateway  
  113  10:24  Phoenix, Gateway  
  113  10:28  Gateway  
  115  10:30  Gateway  
  115  10:35  Gateway  
  115  10:40  Assimilator  
  115  10:45  Assimilator  
  115  10:53  Zealot x4  
  123  11:33  Probe x2  
  123  11:34  Zealot  
  123  11:35  Zealot x4  
  123  11:36  Zealot x2  
  123  11:37  Zealot x2  
  123  11:39  High Templar  
  145  11:40  High Templar x3  
  145  11:43  Archon  
  145  11:44  Archon  
  149  11:56  Immortal  
  151  12:04  Robotics Bay  
  151  12:07  Fleet Beacon  
  151  12:08  Probe x3  
  154  12:35  Immortal  
  136  12:51  Zealot x2  
  136  12:52  Zealot x5  
  136  12:53  Zealot x4  
  136  12:54  Zealot x2  
  142  13:02  Tempest x2, Carrier  
  144  13:24  Probe x2  
  146  13:40  Pylon  
  144  13:41  Nexus  
  144  13:45  Pylon  
  144  14:05  Zealot x4  
  144  14:06  Zealot x4  
  144  14:07  Zealot x2  
  144  14:08  Zealot x3  
  170  14:27  Zealot x4  
  170  14:28  Zealot  
Show
View Real Time Build Order
Export as new Build Order

JuanStaMaria Terran 

Build Orders:  

Get SALT Encoding   

  12  0:11  SCV  
  13  0:23  SCV  
  13  0:27  Supply Depot  
  14  0:40  SCV  
  15  0:51  Supply Depot  
  15  0:52  SCV  
  16  1:18  Barracks  
  16  1:19  SCV  
  17  1:31  SCV  
  18  2:01  Command Center  
  18  2:05  Supply Depot  
  18  2:06  SCV  
  19  2:09  Marine  
  20  2:18  SCV  
  21  2:26  Marine  
  22  2:30  SCV  
  23  2:42  SCV, Refinery  
  24  2:47  Refinery  
  24  2:52  Marine  
  24  2:54  SCV  
  26  3:10  Marine  
  27  3:17  SCV, Engineering Bay  
  28  3:28  Orbital Command  
  28  3:29  SCV  
  29  3:37  Barracks Reactor  
  29  3:41  SCV  
  30  3:53  SCV  
  31  4:05  SCV  
  31  4:06  Refinery  
  31  4:08  Refinery  
  32  4:11  SCV  
  33  4:17  SCV  
  33  4:20  Marine x2  
  33  4:23  SCV  
  37  4:29  SCV  
  37  4:31  Factory  
  38  4:33  Factory  
  38  4:35  SCV  
  38  4:38  Marine x2  
  39  4:41  SCV  
  42  4:47  SCV  
  43  4:56  Marine x2  
  43  4:59  SCV, Orbital Command  
  46  5:14  Marine x2  
  47  5:16  Supply Depot x2  
  47  5:20  Supply Depot x2  
  48  5:22  Factory Tech Lab  
  48  5:29  Factory Tech Lab  
  48  5:31  Marine  
  48  5:32  Marine  
  50  5:45  Siege Tank  
  50  5:48  Siege Tank  
  50  5:49  Marine x2  
  58  6:00  SCV  
  59  6:13  SCV  
  59  6:15  Starport  
  59  6:17  Ghost Academy  
  59  6:18  Siege Tank  
  63  6:20  Siege Tank  
  63  6:25  SCV  
  67  6:37  SCV  
  67  6:38  Missile Turret  
  68  6:40  Missile Turret  
  68  6:42  Missile Turret  
  68  6:44  Missile Turret x2  
  68  6:49  SCV  
  69  6:56  Barracks  
  69  7:00  Marine x2  
  71  7:10  Starport Tech Lab  
  71  7:16  Terran Infantry Weapons Level 1  
  71  7:18  Marine x2  
  71  7:21  Armory  
  73  7:26  Barracks  
  73  7:27  Barracks  
  73  7:36  SCV, Marine x2  
  76  7:44  Barracks Tech Lab  
  76  7:48  SCV  
  77  7:54  Marine x2  
  79  8:00  SCV  
  81  8:12  SCV  
  81  8:24  SCV  
  82  8:36  Infernal Pre-Igniter  
  82  8:37  Smart Servos  
  82  8:48  Stimpack  
  82  8:51  Barracks Tech Lab  
  82  9:10  Terran Infantry Armor Level 1  
  58  9:56  Barracks Reactor  
  58  9:59  Marauder x2, Marine x2  
  64  10:10  Medivac  
  66  10:15  Enhanced Shockwaves  
  66  10:17  Marine x2  
  66  10:20  Marauder, Ghost Academy  
  66  10:21  Marauder  
  72  10:28  Command Center  
  72  10:33  Marine x2  
  72  10:34  Marine  
  72  10:35  Marine  
  76  10:40  Medivac  
  76  10:42  Marauder x2  
  82  10:43  Supply Depot  
  82  10:44  Supply Depot  
  82  10:46  Supply Depot  
  82  10:49  Terran Vehicle Weapons Level 1, Supply Depot x2  
  82  10:50  Supply Depot  
  82  10:51  Marine x2  
  82  10:52  Marine x2  
  82  10:53  Ghost Academy  
  86  11:04  Terran Infantry Weapons Level 2  
  86  11:05  Marauder x2  
  86  11:07  Supply Depot  
  86  11:09  Marine x2  
  86  11:10  Supply Depot, Marine x2  
  86  11:11  Supply Depot  
  94  11:13  Supply Depot  
  94  11:14  Supply Depot  
  94  11:26  Marauder x2  
  94  11:27  Marine x2  
  100  11:34  Personal Cloaking  
  100  11:47  Marauder x2  
  104  12:05  Marine x2  
  104  12:06  Marine x2  
  108  12:09  Starport Reactor, Marauder x2  
  94  12:23  Marine x3  
  94  12:24  Marine  
  97  12:30  Marauder x2  
  82  12:41  Marine x2  
  82  12:43  Terran Vehicle And Ship Armor Level 1  
  59  12:51  Marauder x2  
  54  12:59  Marine x2  
  54  13:02  Liberator  
  54  13:03  Liberator  
  55  13:13  Marauder  
  55  13:17  Marine x2  
  57  13:34  Marauder, Marine  
  57  13:35  Marine  
  61  13:45  Liberator  
  53  13:58  Liberator  
Show
View Real Time Build Order
Export as new Build Order

KaliGhost Zerg 

Build Orders: Hatch First 

Get SALT Encoding   

  12  0:04  Drone  
  13  0:08  Drone  
  14  0:17  Overlord  
  14  0:55  Hatchery  
  13  1:13  Drone x3  
  13  1:14  Spawning Pool  
  15  1:26  Drone  
  16  1:36  Drone  
  16  1:39  Extractor  
  16  1:49  Drone  
  17  1:59  Drone  
  18  2:08  Drone x2  
  20  2:11  Queen  
  24  2:19  Queen  
  24  2:24  Overlord  
  24  2:27  Drone  
  25  2:33  Drone x2  
  27  2:40  Zergling x2  
  27  2:42  Overlord  
  28  2:52  Extractor  
  27  3:04  Drone x3  
  30  3:06  Drone  
  31  3:14  Zergling x4  
  31  3:16  Metabolic Boost  
  33  3:21  Lair  
  33  3:26  Overlord  
  33  3:30  Zergling x8  
  37  3:36  Roach Warren, Drone x2  
  38  4:23  Nydus Network  
  37  4:26  Infestation Pit  
  37  4:27  Queen  
  37  4:30  Queen  
  40  4:35  Zergling x6  
  40  4:36  Zergling x12  
  40  4:37  Zergling x6  
  51  5:06  Overseer  
  51  5:07  Burrow  
  51  5:08  Overlord x3  
  51  5:09  Overlord  
  45  5:45  Extractor  
  45  5:48  Drone x3, Extractor  
  47  5:50  Drone x3  
  47  5:51  Drone  
  47  5:52  Drone x5  
  55  6:01  Drone  
  56  6:05  Spire  
  55  6:12  Hive  
  55  6:35  Roach x6  
  67  7:09  Roach x2  
  67  7:10  Roach x3  
  77  7:19  Infestor x3  
  83  7:26  Overlord x4  
  83  7:53  Mutalisk x5  
  93  7:59  Zerg Flyer Weapons Level 1  
  93  8:46  Nydus Canal  
  93  8:57  Roach  
  93  8:58  Mutalisk x3, Roach x2  
  93  8:59  Mutalisk x2  
  75  9:36  Overlord x3  
  71  10:06  Roach x3  
  71  10:07  Roach x7  
  83  10:08  Roach x7  
  83  10:09  Roach x2  
  109  10:24  Ultralisk Cavern  
  108  10:35  Zerg Flyer Weapons Level 2  
  108  10:38  Mutalisk x2  
  112  10:44  Glial Reconstitution  
  112  11:13  Ultralisk  
  118  11:21  Ultralisk  
  118  11:24  Overlord x3  
  118  11:25  Overlord  
  124  11:27  Overseer  
  124  11:32  Overseer  
  124  12:01  Mutalisk x2  
  124  12:07  Ultralisk  
  134  12:31  Corruptor x2  
  108  12:48  Zergling x12  
  108  12:49  Zergling x14  
  108  12:50  Zergling x10  
  104  12:52  Zergling x2  
  86  13:19  Zergling x14  
  83  13:20  Zergling x10  
Show
View Real Time Build Order
Export as new Build Order

CHIFRIJO Terran 

Build Orders:  

Get SALT Encoding   

  12  0:03  SCV  
  13  0:20  SCV  
  14  0:23  Supply Depot  
  14  0:32  Refinery  
  14  0:35  Refinery  
  14  0:37  SCV  
  15  0:49  SCV  
  16  1:01  Barracks  
  17  1:18  SCV  
  17  1:30  SCV  
  18  1:39  Engineering Bay  
  18  1:42  SCV  
  19  1:50  Supply Depot  
  19  1:57  Supply Depot  
  19  1:59  SCV  
  20  2:35  Command Center  
  20  2:38  SCV  
  20  2:39  Factory  
  21  2:46  Terran Infantry Weapons Level 1  
  21  2:53  SCV  
  21  2:56  Marine  
  23  3:07  Orbital Command  
  23  3:16  Supply Depot  
  23  3:21  Marine  
  24  3:30  Factory Tech Lab  
  24  3:39  SCV  
  24  3:40  Factory  
  25  3:49  Missile Turret  
  25  3:56  SCV  
  26  4:05  Siege Tank  
  26  4:08  SCV  
  30  4:11  Missile Turret  
  30  4:45  Factory Tech Lab  
  30  4:52  Armory  
  30  4:55  SCV  
  31  5:01  Siege Tank  
  31  5:04  Siege Tank  
  37  5:07  SCV  
  37  5:08  Marine  
  37  5:14  SCV  
  40  5:19  SCV  
  41  5:25  Marine  
  41  5:26  SCV, Refinery  
  43  5:31  SCV  
  44  5:38  SCV  
  45  5:43  SCV, Marine  
  47  5:56  SCV  
  48  6:01  Marine  
  49  6:05  Thor  
  49  6:09  Thor  
  61  6:19  Marine  
  61  6:25  Supply Depot  
  62  6:42  Supply Depot  
  62  6:46  SCV x2, Marine  
  65  6:47  Supply Depot  
  65  6:58  SCV x2  
  67  7:04  Marine  
  67  7:05  Supply Depot  
  68  7:11  SCV x2  
  70  7:23  SCV x2  
  70  7:24  Thor x2  
  84  7:31  Terran Vehicle Weapons Level 1  
  84  7:35  SCV x2  
  86  7:39  Armory  
  86  7:47  Refinery  
  86  8:24  Thor  
  92  8:31  SCV  
  93  8:38  Supply Depot  
  93  8:43  SCV  
  93  8:46  Supply Depot  
  94  8:59  SCV, Thor  
  94  9:01  Supply Depot  
  101  9:09  Supply Depot  
  101  9:12  SCV  
  102  9:24  SCV  
  103  10:42  Thor x2  
  115  11:01  SCV  
  116  11:11  Marine  
  117  11:13  SCV  
  119  11:25  SCV  
  119  11:28  Marine  
  120  11:37  SCV  
  121  11:46  Marine  
  122  11:49  SCV  
  123  12:04  Marine  
  123  12:05  Supply Depot  
  124  12:12  Terran Vehicle Weapons Level 2, Starport  
  124  12:14  Terran Vehicle And Ship Armor Level 1  
  124  12:22  Marine  
  125  12:26  Thor  
  131  12:43  Thor  
  35  14:00  Marine  
Tags
 
Add a new tag
Caveats
  • Supply blocks, unpowered buildings, or Contaminate may cause inaccurate times.
  • Supply counts are checked every 10 seconds.